 Dungeon Crawl Stone Soup version 0.31-a0-1511-g961fd35ebc (webtiles) character file.

Game seed: 7777220437847462794

65 Querens the Shield-Bearer (level 4, -2/37 HPs)
             Began as a Formicid Fighter on Dec 30, 2023.
             Slain by a goblin
             ... wielding a +0 dagger
             ... led by Robin
              (3 damage)
             ... on level 2 of the Dungeon.
             The game lasted 00:03:21 (999 turns).

Querens the Shield-Bearer (Formicid Fighter)         Turns: 999, Time: 00:03:22

Health: -2/37      AC:  9    Str: 23    XL:     4   Next: 35%
Magic:  4/4        EV:  8    Int:  7    God:
Gold:   87         SH:  5    Dex: 13    Spells: 3/3 levels left

rFire   . . .        a - +0 war axe
rCold   . . .        c - +0 buckler
rNeg    . . .        l - +0 chain mail
rPois   .            (helmet unavailable)
rElec   .            (no cloak)
rCorr   .            (no gloves)
SInv    +            (no boots)
Will    .....        (no amulet) Stlth
                     (no ring)
HPRegen 0.26/turn    (no ring)
MPRegen 0.09/turn

%: no passive effects
@: no status effects
A: permanent stasis, dig shafts and tunnels, antennae 3, four strong arms
a: Dig, Shaft Self


You were on level 2 of the Dungeon.
You visited 1 branch of the dungeon, and saw 2 of its levels.

You collected 87 gold pieces.

Inventory:

Hand Weapons
 a - a +0 war axe (weapon)
Armour
 c - a +0 buckler (worn)
 l - a +0 chain mail (worn)
Jewellery
 j - a ring of magical power
Scrolls
 b - a scroll of amnesia {unknown}
 e - 2 scrolls of teleportation {unknown}
 f - 3 scrolls of identify {unknown}
 h - a scroll of enchant armour {unknown}
 m - a scroll of poison {unknown}
Potions
 d - a potion of might
 g - a potion of attraction {unknown}
 i - a potion of lignification {unknown}
 k - a potion of heal wounds {unknown}


   Skills:
 + Level 3.9 Fighting
 + Level 2.7 Axes
 + Level 3.9 Armour
 + Level 4.7 Shields


You had 3 spell levels left.
You didn't know any spells.
Your spell library contained the following spells:

 Spells                   Type           Power      Damage    Failure   Level
 Magic Dart               Conj           0%         1d3       97%         1
 Call Imp                 Summ           0%         N/A       99%         2
 Blink                    Tloc           Unusable   N/A       N/A         2

Dungeon Overview and Level Annotations

Branches:
Dungeon (2/15)

Altars:

Annotations:
D:2 1 runed translucent door, Robin


Innate Abilities, Weirdness & Mutations

You cannot be hasted, slowed, berserked, paralysed or teleported.
You can dig through walls and to a lower floor.
You have a pair of large antennae on your head. (SInv)
Your four strong arms can wield two-handed weapons with a shield.


Message History

You kill the goblin!
You closely miss the goblin. Robin throws the goblin at you!
The goblin hits you but does no damage. x2
Unknown command.
Unknown command.
Unknown command.
You closely miss the goblin.
The goblin is severely wounded.
You closely miss the goblin. x3; The goblin closely misses you.
The goblin hits you with a +0 club.
* * * LOW HITPOINT WARNING * * *
The goblin hits you but does no damage. You block the goblin's attack.
The goblin barely misses you.
The goblin hits you but does no damage. x2
Unknown command.
Unknown command.
You hit the goblin.
The goblin is heavily wounded.
You closely miss the goblin. You hit the goblin but do no damage.
You hit the goblin. x2
You kill the goblin!
The goblin no longer looks unusually strong.
The goblin closely misses you.
Robin roars a battlecry!
The goblin goes into a battle-frenzy!
The goblin hits you but does no damage. x2
Unknown command.
Unknown command.
You hit the goblin.
The goblin is severely wounded.
You hit the goblin.
You kill the goblin!
You hit the goblin.
You kill the goblin!
You barely miss the goblin.
The goblin no longer looks unusually strong.
Robin throws the goblin at you! You block the goblin's attack.
The goblin barely misses you. The goblin hits you with a +0 club.
* * * LOW HITPOINT WARNING * * *
You block the endoplasm's attack. The goblin hits you with a +0 dagger.
You die...

####### #.....# #.....#
......# ......####
######### .........##
#.......#
....).##..#####g.g....#
########.....##g@)....#
#.....####Jg####
#.......g....#
#......#.))#.#
#..........#.....#
#..........##..#... #
............#...#.... .
.#..........#......[..
#>...........##......


You could see Robin, an endoplasm and 3 goblins.

Vanquished Creatures
  Natasha (D:2)
  2 dart slugs
  2 endoplasms
  3 giant cockroaches (D:1)
  13 goblins
  2 hobgoblins
  A kobold (D:1)
  A quokka (D:1)
  A ball python (D:1)
  4 bats
  A frilled lizard (D:1)
  6 rats (D:1)
37 creatures vanquished.

Notes
Turn   | Place    | Note
-------+----------+-------------------------------------------
     0 | D:1      | Querens the Formicid Fighter began the quest for the Orb.
     0 | D:1      | Reached XP level 1. HP: 18/18 MP: 1/1
   167 | D:1      | Reached XP level 2. HP: 24/24 MP: 2/2
   552 | D:1      | Reached XP level 3. HP: 29/29 MP: 3/3
   856 | D:2      | Noticed Natasha
   864 | D:2      | Killed Natasha
   865 | D:2      | Reached XP level 4. HP: 27/37 MP: 4/4
   948 | D:2      | Found a runed translucent door.
   974 | D:2      | Identified the +3 sling of the Desert {drain, rC+}
   987 | D:2      | Noticed Robin
   999 | D:2      | HP: 1/37 [goblin/+0 club[Robin] (5)]
   999 | D:2      | Slain by a goblin

Illustrated notes

Levels and vault maps discovered:
D:1:      eino_arrival_tree_alley, layout_basic
D:2:      layout_rooms, uniq_robin, uniq_crazy_yiuf_cottage, uniq_natasha

Action                     |  1- 3 |  4- 6 || total
---------------------------+-------+-------++-------
  Melee: War axe           |    53 |    19 ||    72
 Armour: Scale mail        |    26 |       ||    26
         Chain mail        |     4 |    43 ||    47
  Dodge: Dodged            |    25 |    13 ||    38
  Block: Buckler           |    12 |     9 ||    21

Table legend: (Time is in decaauts)
 A = Elapsed time spent in this place.
 B = Non-inter-level travel time spent in this place.
 C = Inter-level travel time spent in this place.
 D = Time resting spent in this place.
 E = Time spent auto-exploring this place.
 F = Levels seen in this place.
 G = Mean time per level.
                   A        B        C        D        E       F      G
               +--------+--------+--------+--------+--------+-----+--------+
         Total |   1027 |   1010 |     17 |      0 |      0 |   2 |  513.5 |
       Dungeon |   1027 |   1010 |     17 |      0 |      0 |   2 |  513.5 |
               +--------+--------+--------+--------+--------+-----+--------+

Top non-repeatable levels by time:
     D:1: 808 daAuts
     D:2: 219 daAuts
